 Dungeon Crawl Stone Soup version 0.26-a0-1129-gc5df7fbe6a (webtiles) character file.

Game seed: 1509166388264082761

22 Aerich the Skirmisher (level 2, -6/24 HPs)
             Began as a Demonspawn Abyssal Knight on Dec 18, 2020.
             Was a Follower of Lugonu.
             Mangled by an ogre
             ... wielding a +0 giant spiked club
              (22 damage)
             ... on level 2 of the Dungeon.
             The game lasted 00:04:39 (1455 turns).

Aerich the Skirmisher (Demonspawn Abyssal Knight)   Turns: 1455, Time: 00:04:40

Health: -6/24      AC:  5    Str: 12    XL:     2   Next: 68%
Magic:  3/3        EV: 10    Int: 13    God:    Lugonu [*.....]
Gold:   51         SH:  0    Dex: 12    Spells: 1/1 levels left

rFire    . . .     SeeInvis .   a - +1 mace
rCold    . . .     Faith    .   (no shield)
rNeg     . . .     Spirit   .   r - +0 ring mail
rPois    .         Reflect  .   (no helmet)
rElec    .         Harm     .   (no cloak)
rCorr    .         Rampage  .   (no gloves)
Will     .....                  (no boots)
Stlth    +.........             (no amulet)
HPRegen  0.08/turn              (no ring)
MPRegen  0.08/turn              (no ring)

@: no status effects
A: claws 1
a: Renounce Religion, Depart the Abyss


You were on level 2 of the Dungeon.
You worshipped Lugonu.
Lugonu was aware of your devotion.
You visited 1 branch of the dungeon, and saw 2 of its levels.
You visited the Abyss 1 time.

You collected 51 gold pieces.

Inventory:

Hand Weapons
 a - a +1 mace (weapon)
 e - a +0 hunting sling
 h - a +0 spear
 i - a +0 spear
 m - a +0 whip
 n - a +0 spear
 s - a +0 hand axe
 w - a +0 hunting sling
Missiles
 d - 133 stones
 g - 52 bolts
 q - a throwing net
 t - 19 poisoned darts
Armour
 r - a +0 ring mail (worn)
Scrolls
 c - a scroll of enchant armour {unknown}
 f - a scroll of blinking {unknown}
 o - a scroll of enchant weapon {unknown}
 p - 3 scrolls of identify
 x - a scroll of magic mapping {unknown}
Potions
 j - a potion of mutation {unknown}
 l - a potion of heal wounds {unknown}
 u - a potion of magic {unknown}
 v - a potion of brilliance {unknown}


   Skills:
 + Level 3.3 Fighting
 + Level 2.3 Maces & Flails
 + Level 2.0 Armour
 + Level 1.1 Dodging
 + Level 2.4 Invocations


You had one spell level left.
You didn't know any spells.
Your spell library was empty.

Dungeon Overview and Level Annotations

Branches:
Dungeon (2/15)

Altars:


Innate Abilities, Weirdness & Mutations

You have sharp fingernails.


Message History

You start putting on your armour.
You continue putting on your +0 ring mail. x5
You finish putting on your +0 ring mail.
You drop a +0 leather armour.
An ogre comes into view. It is wielding a +0 giant spiked club.
The ogre shouts!
The ogre barely misses you.
You hit the ogre but do no damage.
The ogre hits you with a +0 giant spiked club.
You hit the ogre.
The ogre is moderately wounded.
The ogre closely misses you.
You sock the ogre!
The ogre is heavily wounded.
The ogre hits you with a +0 giant spiked club.
You thump the ogre!
The ogre is severely wounded.
The ogre hits you with a +0 giant spiked club!!
Ouch! That really hurt!
You die...

####.#..##.#
..##.#.###.#
#.##.#.# #.#
#.##.#.###.#
####.##.......#
#.........#####
....##.######
#.####.#
#..O@..#
########


You could see an ogre.

Vanquished Creatures
  A dart slug (D:1)
  2 leopard geckos (D:1)
  A giant cockroach (D:1)
  4 goblins
  2 bats
  A frilled lizard (D:1)
  4 kobolds (D:1)
  5 rats
20 creatures vanquished.

Notes
Turn   | Place    | Note
-------+----------+-------------------------------------------
     0 | Abyss:1  | Aerich the Demonspawn Abyssal Knight began the quest for
                  | the Orb.
     0 | Abyss:1  | Reached XP level 1. HP: 18/18 MP: 2/2
   102 | Abyss:1  | Noticed a raiju
   103 | D:1      | Escaped the Abyss
   260 | D:1      | Reached * piety under Lugonu
   321 | D:1      | Gained mutation: You have sharp fingernails. [demonic
                  | ancestry]
   321 | D:1      | Reached XP level 2. HP: 24/24 MP: 3/3
   452 | D:1      | Reached skill level 1 in Dodging
  1449 | D:2      | Noticed an ogre
  1455 | D:2      | Mangled by an ogre

Illustrated notes

Levels and vault maps discovered:
D:1:      dpeg_arrival_prison, layout_basic
D:2:      layout_loops_corners, nicolae_overflow_hidden_temple,
          grunt_ministairs_7, minivault_5

Skill      XL: |  1  2 |
---------------+-------+-----
Maces & Flails | 2 |  2.3
Dodging        | 1 |  1.1
Armour         | 2 |  2.0
Fighting       | |  3.3
Invocations    | |  2.4

Action                   || total
-------------------------++-------
Melee: Mace              ||    66
Invok: Depart the Abyss  ||     1
  Use: Scroll            ||     2
Armor: Leather armour    ||    18
Dodge: Dodged            ||    42

Table legend: (Time is in decaauts)
 A = Elapsed time spent in this place.
 B = Non-inter-level travel time spent in this place.
 C = Inter-level travel time spent in this place.
 D = Time resting spent in this place.
 E = Time spent auto-exploring this place.
 F = Levels seen in this place.
 G = Mean time per level.
                   A        B        C        D        E       F      G
               +--------+--------+--------+--------+--------+-----+--------+
         Total |   1473 |   1464 |      9 |      0 |   1105 |   3 |  491.0 |
       Dungeon |   1370 |   1361 |      9 |      0 |   1007 |   2 |  685.0 |
         Abyss |    103 |    103 |      0 |      0 |     98 |   1 |  103.0 |
               +--------+--------+--------+--------+--------+-----+--------+

Top non-repeatable levels by time:
     D:1: 1054 daAuts
     D:2: 316 daAuts
 Abyss:1: 103 daAuts
